 Dungeon Crawl Stone Soup version 0.18-a0-1702-gd20c6a5 (webtiles) character file.

160 M4edhros the Shooter (level 5, -18/36 HPs)
             Began as an Octopode Wanderer on Apr 7, 2016.
             Demolished by a two-headed ogre
             ... wielding a +0 giant club
              (23 damage)
             ... on level 5 of the Dungeon.
             The game lasted 00:02:06 (2218 turns).

M4edhros the Shooter (Octopode Wanderer)            Turns: 2218, Time: 00:02:06

Health: -18/36     AC:  1    Str: 10 (12) XL:     5   Next: 41%
Magic:  5/5        EV: 19    Int: 10 (12) God:
Gold:   130        SH:  0    Dex: 14 (16) Spells: 0 memorised, 4 levels left

rFire  . . .     SeeInvis .     t - +0 rapier (speed)
rCold  . . .     Gourm    .     (no shield)
rNeg   . . .     Faith    .     (helmet restricted)
rPois  .         Spirit   .     (no amulet)
rElec  .         Dismiss  .     h - -3 ring of strength
rCorr  .         Reflect  .     (no ring)
SustAt .         Harm     .     (no ring)
MR     .....                    (no ring)
Stlth  +++.......               (no ring)
                                (no ring)
                                (no ring)
                                (no ring)

@: agile, not resistant to hostile enchantments, fairly stealthy
A: almost no armour, amphibious, 8 rings, constrict 8, camouflage 1, gelatinous
body 1
a: no special abilities


You were on level 5 of the Dungeon.
You were not hungry.

You visited 1 branch of the dungeon, and saw 5 of its levels.

You collected 130 gold pieces.

Inventory:

Hand Weapons
 a - a +2 shortbow
 t - a +0 rapier of speed (weapon)
Missiles
 k - 86 stones (quivered)
 q - 22 exploding sling bullets
 r - 13 arrows
Jewellery
 h - a -3 ring of strength (left tentacle)
Scrolls
 b - a scroll of enchant armour {unknown}
 c - a scroll of teleportation
 e - 5 scrolls of identify
 j - a scroll of recharging
 p - a scroll of enchant weapon {unknown}
 s - 2 scrolls of blinking {unknown}
 u - a scroll of remove curse
 w - a scroll of fear {unknown}
Potions
 d - 3 potions of curing
 o - a potion of brilliance {unknown}
Comestibles
 f - 7 bread rations
 g - 2 beef jerkies
 n - 4 fruits
 v - a royal jelly


   Skills:
 - Level 3.0 Fighting
 + Level 1.0 Short Blades
 - Level 5.0 Bows
 + Level 4.7 Dodging
   Level 2.0 Shields


You had 4 spell levels left.
You didn't know any spells.

Dungeon Overview and Level Annotations

Branches:
Dungeon (5/15)
 Temple: D:4-7

Altars:


Innate Abilities, Weirdness & Mutations

You cannot wear most types of armour.
You are amphibious.
You can wear up to eight rings at the same time.
You can use your tentacles to constrict eight enemies at once.
Your skin changes colour to match your surroundings (Stealth).
Your rubbery body absorbs attacks (AC +1).


Message History

You completely miss the two-headed ogre.
The two-headed ogre is lightly wounded.
You hit the two-headed ogre. You squeeze the two-headed ogre.
The two-headed ogre is heavily wounded.
The two-headed ogre misses you.
The two-headed ogre completely misses you.
You hit the two-headed ogre but do no damage.
The two-headed ogre is heavily wounded.
The two-headed ogre hits you with a giant club!
* * * LOW HITPOINT WARNING * * *
The two-headed ogre closely misses you.
You hit the two-headed ogre.
The two-headed ogre is heavily wounded.
An adder comes into view.
You hit the two-headed ogre.
The two-headed ogre is heavily wounded.
The two-headed ogre misses you.
The two-headed ogre hits you with a giant club!!
Ouch! That really hurt!
You die...

......# ...##.#
...##.###########
...##.#.........#
.............##.#
[............##.#
.............##.##
...#..##..#.###.>#
...#..##..#.# ##@#
...#..##..#.# #O#
..##..##.<..# #.#
......##..### #.#
#.######..# #.# #.
#... ... #.## #S#
.. ... #. #..


You could see a two-headed ogre and an adder.

Vanquished Creatures
  An orc wizard (D:4)
  A worker ant (D:5)
  Ijyb (D:2)
  3 adders
  A worm (D:2)
  2 giant geckos (D:2)
  7 orcs
  A bat (D:1)
  4 giant cockroaches
  6 goblins
  5 hobgoblins
  7 giant newts
  4 rats
43 creatures vanquished.

Notes
Turn   | Place    | Note
--------------------------------------------------------------
     0 | D:1      | M4edhros the Octopode Wanderer began the quest for the Orb.
     0 | D:1      | M4edhros set off with: a +2 shortbow, 27 arrows, a scroll of teleportation, a potion of curing, a bread ration
     0 | D:1      | Reached XP level 1. HP: 16/16 MP: 1/1
   132 | D:1      | Reached skill level 1 in Dodging
   369 | D:1      | Reached XP level 2. HP: 21/21 MP: 2/2
   890 | D:2      | Noticed Ijyb
   898 | D:2      | Killed Ijyb
   898 | D:2      | Reached XP level 3. HP: 20/26 MP: 3/3
  1028 | D:2      | Reached XP level 4. HP: 31/31 MP: 4/4
  1648 | D:4      | Reached XP level 5. HP: 9/36 MP: 5/5
  2116 | D:5      | Entered Level 5 of the Dungeon
  2159 | D:5      | Reached skill level 1 in Short Blades
  2204 | D:5      | Noticed a two-headed ogre
  2218 | D:5      | Demolished by a two-headed ogre

Vault maps used:
D:1:      enne_arrival_octagon_isle, corexii_hall_statues_i
D:2:      uniq_iyjb
D:3:      okawaru_altar_gauntlet_db, first_bread
D:4:      kennysheep_generic_room_5, uniq_duvessa

Skill      XL: |  1  2  3  4  5 |
---------------+----------------+-----
Dodging        | 1 3 4 |  4.7
Short Blades   | 1 |  1.0
Fighting       | |  3.0
Bows           | |  5.0
Shields        | |  2.0

Action                   |  1- 3 |  4- 6 || total
-------------------------+-------+-------++-------
Melee: Unarmed           |       |     3 ||     3
       Rapier            |       |    32 ||    32
 Fire: Shortbow          |    46 |    48 ||    94
Throw: Stone             |       |     9 ||     9
  Use: Scroll            |     3 |       ||     3
       Potion            |       |     3 ||     3
  Eat: Chunk             |       |     4 ||     4
